Jonadab, neutral male gnomish Wizard -------- |....... |......| ------------- #.......| #............| ###|......| #|...........| ------------- # |......| #--|---------- ###########............| ### ----.--- ##### |...........| # ## # #-...........| # # # ###------------- # #### # # # ## # ### # `####### % # # # # # # ###*######### # ----------# # ------.--.---# |[.[[G@..|# |............# |[[[[[[[.-# ....<.......| |[[[[[[[.| |...........| ---------- ------------- Jonadab the Conjurer Experience level: 4 Strength: 10 Dexterity: 14 Constitution: 12 Intelligence: 19 Wisdom: 8 Charisma: 10 Health: 0(26) Energy: 31(46) Def: 3 Gold: 0 Moves: 599 Dungeon seed: syAG6pk0o7Rk6mp0 Game ID: Jonadab_1497210056 Your Inventory: Weapons a - a blessed +1 quarterstaff (weapon in hands) o - an uncursed +0 elven dagger Armor e - an uncursed +0 cloak of magic resistance (being worn) q - an uncursed +0 pair of speed boots (being worn) r - an uncursed +0 pair of gauntlets of dexterity (being worn) Scrolls i - an uncursed scroll of create monster j - 2 uncursed scrolls of enchant armor Spellbooks k - a blessed spellbook of force bolt l - an uncursed spellbook of charm monster Potions f - an uncursed potion of gain ability g - an uncursed potion of invisibility h - an uncursed potion of see invisible Rings c - an uncursed ring of polymorph d - an uncursed ring of teleport control Wands b - an uncursed wand of cancellation (0:5) n - an uncursed wand of magic missile (0:5) Tools m - an uncursed magic marker (0:50) Spells and supernatural/magical abilities: Name Level Category Fail Memory a - force bolt 1 attack 0% 98% e - charm monster 3 enchantment 0% 98% W - pray for help -- divine ? -- Your skills at the end: Fighting Skills Weapon Skills quarterstaff [Basic] Spellcasting Skills attack spells [Basic] enchantment spells [Basic] Final Attributes: You had transgressed. You were magic-protected. You had infravision. You were very fast. You are dead. Vanquished creatures: a large mimic a kitten a coyote a hobbit a red mold 3 jackals 2 grid bugs a lichen 3 newts 14 creatures vanquished. Voluntary challenges: You were an atheist. You used a wielded weapon 7 times, starting on turn 123. You read items or engraved 2 times, starting on turn 348. You never genocided any monsters. You never polymorphed an object. You never changed form. You used no wishes. You never split a pudding. You wrote Elbereth's name 2 times, starting on turn 348. You violated your moral code, losing 25 points of alignment, starting on turn 1. Dungeon overview: The Dungeons of Doom: levels 1 to 2 Level 1 a long staircase Level 2 <- You were here an armor shop History has recorded: On T:1 you entered the Dungeons of Doom to retrieve the Amulet of Yendor! On T:1 you advanced to experience level 2. On T:123 you advanced to experience level 3. On T:347 you reached level 2 of The Dungeons of Doom. On T:558 you advanced to experience level 4. Score breakdown: Gold: 0 ( 0 points) Experience: 4 levels ( 9649 points) Exploration: 2 levels ( 3.92%) ( 4242 points) Discoveries: 4 items ( 1.39%) ( 3535 points) Valuables value: (no points given unless you survive) Artifact value: 0 ( 0 points) Variety of kills: 9 monsters ( 2.36%) ( 4610 points) Turncount: 599 turns ( 0 points) Survival: died (score multiplied by 80%) Total score: 17628 Latest messages: You see here a scale mail (60 zorkmids). You see here a studded leather armor (46 zorkmids). You miss Siverek. Siverek gets angry! Siverek zaps a uranium wand! Boing! You see here a large mimic corpse (8 zorkmids). Siverek zaps a wand of striking! Boing! Siverek zaps a wand of striking! Boing! Siverek zaps a wand of striking! Boing! Siverek zaps a wand of striking! Boing! Siverek zaps a wand of striking! Boing! Siverek zaps a wand of striking! Boing! Siverek zaps a wand of striking! Boing! Siverek hits! (2x) You see here an axe (14 zorkmids). Siverek hits! (2x) You die... Siverek takes all your possessions. Final status: Goodbye Jonadab the Wizard, killed by a Mr. Siverek, the shopkeeper... You died in The Dungeons of Doom on dungeon level 2 with 17628 points, and 0 pieces of gold, after 599 moves. You were level 4 with a maximum of 26 hit points when you died.